 Dungeon Crawl Stone Soup version 0.18-a0-824-g47fe746 (webtiles) character file.

31 cluie the Chiller (level 3, 0/26 HPs)
             Began as a Demonspawn Ice Elementalist on Dec 17, 2015.
             Slain by an adder (3 damage)
             ... on level 2 of the Dungeon.
             The game lasted 00:01:34 (1282 turns).

cluie the Chiller (Demonspawn Ice Elementalist)     Turns: 1282, Time: 00:01:34

Health: 0/26       AC:  2    Str:  8    XL:     3   Next: 7%
Magic:  4/6        EV: 12    Int: 17    God:
Gold:   42         SH:  0    Dex: 13    Spells: 1 memorised, 5 levels left

rFire  . . .     SeeInvis .     (no weapon)
rCold  + . .     Gourm    .     a - +0 robe
rNeg   . . .     Faith    .     (no shield)
rPois  .         Spirit   .     (no helmet)
rElec  .         Dismiss  .     (no cloak)
rCorr  .         Reflect  .     (no gloves)
SustAt .         Harm     .     (no boots)
MR     .....                    (no amulet)
Stlth  ++........               (no ring)
                                h - ring of protection from cold

@: lethally poisoned (0 -> -4), not resistant to hostile enchantments,
unstealthy
A: talons 1, spiny 1
a: no special abilities


You were on level 2 of the Dungeon.
You were very hungry.

You visited 1 branch of the dungeon, and saw 2 of its levels.

You collected 42 gold pieces.

Inventory:

Armour
 a - a +0 robe (worn)
Jewellery
 h - a ring of protection from cold (left hand)
Scrolls
 e - a scroll of immolation {unknown}
 i - 2 scrolls of identify {unknown}
 j - 4 scrolls of teleportation {unknown}
 n - a scroll of fog {unknown}
 o - a scroll of random uselessness {unknown}
 r - a scroll of amnesia {unknown}
Potions
 f - a potion of haste {unknown}
 g - a potion of brilliance {unknown}
 k - a potion of ambrosia {unknown}
 l - a potion of cure mutation {unknown}
 m - a potion of lignification {unknown}
 p - a potion of agility {unknown}
Books
 b - a book of Frost

   Spells                             Type                      Level
   a - Freeze                         Ice                          1
   b - Throw Frost                    Conjuration/Ice              2
   c - Ozocubu's Armour               Charms/Ice                   3
   d - Throw Icicle                   Conjuration/Ice              4
   e - Summon Ice Beast               Ice/Summoning                4
   f - Condensation Shield            Ice                          4
Comestibles
 c - 2 bread rations
 d - a meat ration
 q - a beef jerky


   Skills:
 + Level 1.1 Fighting
 + Level 2.2 Dodging
 - Level 1.7 Stealth
 + Level 2.4 Spellcasting
   Level 1.0 Conjurations
 * Level 2.9 Ice Magic


You had 5 spell levels left.
You knew the following spells:

 Your Spells              Type           Power        Failure   Level  Hunger
a - Freeze                Ice            ##..         6%          1    #......


Dungeon Overview and Level Annotations

Branches:
Dungeon (2/15)

Altars:
Xom


Innate Abilities, Weirdness & Mutations

You have sharp toenails.
You are partially covered in sharp spines.


Message History

You feel sick.
Casting: Freeze
Confirm with . or Enter, or press ? or * to list all spells.
Aiming: Freeze
Press: ? - help, Shift-Dir - straight line, f - adder
Aim: an adder (lightly wounded)
You freeze the adder.
The adder seems to slow down.
The adder is moderately wounded.
The adder is struck by your spines. The adder bites you.
* * * LOW HITPOINT WARNING * * *
Casting: Freeze
Confirm with . or Enter, or press ? or * to list all spells.
Aiming: Freeze
Press: ? - help, Shift-Dir - straight line, f/p - adder
Aim: an adder (heavily wounded, slow)
You freeze the adder.
The adder is severely wounded.
* * * LOW HITPOINT WARNING * * *
You feel sick. The adder bites you.
You die...

............#
#$........
............#
#.......<.
............#
#.........
...........##
#!........
...##.....##
#.K....... ###
#.#####
#†........ #.##
##g#...... #..#
###S#...... ##.#
###.@........
#.#
####...#..#.....
#.# #..(.###.##
.#.# #
#.###.#### ..# #
# # #.....# .##
# ##..### . #
#..# #. ## ##.#
.## ..#


You could see an adder, a goblin and a kobold.

Vanquished Creatures
  An adder (D:2)
  A giant gecko (D:1)
  A bat (D:1)
  2 giant cockroaches (D:1)
  5 goblins
  A ball python (D:1)
  2 giant newts (D:1)
  2 jackals (D:2)
  4 kobolds (D:1)
  5 rats
24 creatures vanquished.

Notes
Turn   | Place    | Note
--------------------------------------------------------------
     0 | D:1      | cluie the Demonspawn Ice Elementalist began the quest for the Orb.
     0 | D:1      | Reached XP level 1. HP: 13/13 MP: 3/3
   417 | D:1      | Reached skill level 1 in Fighting
   417 | D:1      | Gained mutation: You have sharp toenails. [demonic ancestry]
   417 | D:1      | Reached XP level 2. HP: 19/21 MP: 1/5
   976 | D:2      | Found a shimmering altar of Xom.
  1139 | D:2      | Gained mutation: You are partially covered in sharp spines. [demonic ancestry]
  1139 | D:2      | Reached XP level 3. HP: 14/26 MP: 1/6
  1282 | D:2      | Slain by an adder

Vault maps used:
D:1:      dpeg_arrival_water_temple_mockup
D:2:      old_standard_altar

Action                   || total
-------------------------++-------
Melee: Unarmed           ||    77
 Cast: Freeze            ||    24
 Stab: Sleeping          ||     1
